 Dungeon Crawl Stone Soup version 0.29.0-15-g675c0067aa (webtiles) character file.

Game seed: 12579818191648788908

1484147 mtoz the Conqueror (level 26, 212/212 HPs)
             Began as a Minotaur Fighter on Sept 11, 2022.
             Was a High Priest of Okawaru.
             Escaped with the Orb
             ... and 3 runes on Sept 13, 2022!
             The game lasted 09:09:17 (91993 turns).

mtoz the Conqueror (Minotaur Fighter)              Turns: 91993, Time: 09:09:17

Health: 212/212    AC: 49    Str: 39      XL:     26   Next: 80%
Magic:  31/31      EV: 10    Int: 10 (13) God:    Okawaru [*****.]
Gold:   4692       SH: 26    Dex:  5      Spells: 25/25 levels left

rFire   + + .      SeeInvis .   M - +8 broad axe of Himmu {pain, +Blink}
rCold   + . .      Faith    +   B - +6 tower shield "Qacvol" {Str+3}
rNeg    + + +      Spirit   .   c - +14 plate armour "Jeecyesue" {rN+ Str+3}
rPois   .          Reflect  .   S - +1 hat of Erocru {rN++ Regen+ Stlth-}
rElec   +          Harm     .   K - +2 cloak {Will+}
rCorr   .          Rampage  .   I - +1 pair of gloves of Grace {rF++ Will-}
Will    +++++                   t - +2 pair of boots "Lugeat" {Str+4 Int+4 Stlth+}
Stlth   ..........              L - amulet of Maywan {Faith Will++ Slay+3}
HPRegen 1.25/turn               V - ring of willpower
MPRegen 0.22/turn               Y - ring "Zeshe" {rElec rC+ Will+ Dex-5}

@: studying Polearms
A: horns 2, retaliatory headbutt, fangs 1, iridescent scales 1, clever 1, frail
2, weak 1
0: Orb of Zot
}: 3/15 runes: decaying, serpentine, silver
a: Renounce Religion, Evoke Blink, Heroism, Finesse, Duel


You escaped.
You worshipped Okawaru.
Okawaru was extremely pleased with you.
You visited 10 branches of the dungeon, and saw 50 of its levels.
You visited the Abyss 2 times.
You also visited: Ossuary.

You collected 7610 gold pieces.
You spent 2918 gold pieces at shops.

Inventory:

Hand Weapons
 b - the +6 flail of Igamn {protect, rPois rCorr Str-3 Dex+3}
   (Okawaru gifted it to you on level 2 of the Orcish Mines)

   It grants its wielder temporary protection when it strikes (+7 to AC).
   Str:       It affects your strength (-3).
   Dex:       It affects your dexterity (+3).
   rPois:     It protects you from poison.
   rCorr:     It protects you from acid and corrosion.
 M - the +8 broad axe of Himmu (weapon) {pain, +Blink}
   (You bought it in a shop on level 2 of the Depths)

   In the hands of one skilled in necromantic magic, it inflicts extra damage on
   living creatures.
   +Blink:    It lets you blink.
Armour
 c - the +14 plate armour "Jeecyesue" (worn) {rN+ Str+3}
   (Okawaru gifted it to you on level 2 of the Crypt)

   Str:       It affects your strength (+3).
   rN:        It protects you from negative energy.
 t - the +2 pair of boots "Lugeat" (worn) {Str+4 Int+4 Stlth+}
   (You found it on level 4 of the Dungeon)

   Str:       It affects your strength (+4).
   Int:       It affects your intelligence (+4).
   Stlth:     It makes you more stealthy.
 B - the +6 tower shield "Qacvol" (worn) {Str+3}
   (Okawaru gifted it to you on level 4 of the Vaults)

   Str:       It affects your strength (+3).
 G - the +4 kite shield of the Silversmith {rElec rPois SInv}
   (Okawaru gifted it to you on level 2 of the Elven Halls)

   rElec:     It insulates you from electricity.
   rPois:     It protects you from poison.
   SInv:      It lets you see invisible.
 I - the +1 pair of gloves of Grace (worn) {rF++ Will-}
   (You bought it in a shop on level 2 of the Orcish Mines)

   rF:        It greatly protects you from fire.
   Will:      It decreases your willpower.
 K - a +2 cloak of willpower (worn)
 S - the +1 hat of Erocru (worn) {rN++ Regen+ Stlth-}
   (Okawaru gifted it to you on level 4 of the Swamp)

   rN:        It greatly protects you from negative energy.
   Regen:     It increases your rate of health regeneration.
   Stlth:     It makes you less stealthy.
 X - +0 gold dragon scales
Jewellery
 j - a ring of flight
 n - a ring of wizardry
 o - the amulet "Lypol" {Harm rElec rN+ Regen+}
   (You found it on level 5 of the Lair of Beasts)

   [amulet of regeneration]

   rElec:     It insulates you from electricity.
   rN:        It protects you from negative energy.
   Regen:     It increases your rate of health regeneration.
   Harm:      It increases damage dealt and taken.
 L - the amulet of Maywan (around neck) {Faith Will++ Slay+3}
   (You took it off a deep elf demonologist on level 3 of the Elven Halls)

   [amulet of faith]

   It allows you to gain divine favour quickly.
   Slay:      It affects your accuracy & damage with ranged weapons and melee
   (+3).
   Will:      It greatly increases your willpower.
 V - a ring of willpower (left hand)
 Y - the ring "Zeshe" (right hand) {rElec rC+ Will+ Dex-5}
   (You bought it in a shop on level 1 of the Elven Halls)

   [ring of protection from cold]

   Dex:       It affects your dexterity (-5).
   rC:        It protects you from cold.
   rElec:     It insulates you from electricity.
   Will:      It increases your willpower.
 Z - the amulet of Etrach {Acrobat *Slow rF++ rN+}
   (You found it on level 3 of the Realm of Zot)

   [amulet of the acrobat]

   It increases your evasion while moving and waiting.
   rF:        It greatly protects you from fire.
   rN:        It protects you from negative energy.
   *Slow:     It may slow you when you take damage.
Wands
 a - a wand of iceblast (5)
 f - a wand of paralysis (36)
 C - a wand of polymorph (7)
 T - a wand of digging (12)
Scrolls
 e - 4 scrolls of silence
 h - 2 scrolls of blinking
 i - 7 scrolls of immolation
 k - 24 scrolls of teleportation
 m - 5 scrolls of fear
 p - 3 scrolls of enchant armour
 q - 12 scrolls of amnesia
 r - 9 scrolls of poison
 v - 7 scrolls of vulnerability
 x - 10 scrolls of fog
 A - a scroll of enchant weapon
 H - 3 scrolls of brand weapon
 Q - 4 scrolls of torment
 R - 6 scrolls of magic mapping
 W - 27 scrolls of identify
Potions
 d - 11 potions of might
 g - 3 potions of berserk rage
 l - 6 potions of flight
 s - 2 potions of haste
 y - 5 potions of brilliance
 z - a potion of ambrosia
 D - 3 potions of heal wounds
 F - 12 potions of curing
 J - 6 potions of magic
 N - 9 potions of mutation
 O - a potion of cancellation
 P - 5 potions of resistance
Miscellaneous
 u - a condenser vane
 E - a phial of floods
 U - a tin of tremorstones (2/2)


   Skills:
 O Level 27 Fighting
 - Level 20.0 Axes
 - Level 24.0 Armour
 - Level 9.8 Dodging
 - Level 23.0 Shields
 - Level 12.0 Invocations
 + Level 25.2 Evocations


You had 25 spell levels left.
You didn't know any spells.
Your spell library contained the following spells:

 Spells                   Type           Power      Damage    Failure   Level
 Apportation              Tloc           0%         N/A       82%         1
 Beastly Appendage        Tmut           0%         N/A       82%         1
 Foxfire                  Conj/Fire      0%         2x1d4     82%         1
 Magic Dart               Conj           0%         1d3       82%         1
 Necrotise                Necr           0%         1d4       82%         1
 Sandblast                Erth           0%         2d4       82%         1
 Slow                     Hex            0%         N/A       82%         1
 Blink                    Tloc           0%         N/A       91%         2
 Ensorcelled Hibernation  Hex/Ice        0%         N/A       91%         2
 Passwall                 Tmut/Erth      0%         N/A       91%         2
 Poisonous Vapours        Pois/Air       0%         N/A       91%         2
 Searing Ray              Conj           0%         2d4       91%         2
 Static Discharge         Conj/Air       0%         3-3/arc   91%         2
 Wereblood                Tmut           0%         N/A       91%         2
 Confusing Touch          Hex            0%         N/A       99%         3
 Conjure Flame            Conj/Fire      0%         6-21      99%         3
 Dazzling Flash           Conj/Hex       0%         N/A       99%         3
 Frozen Ramparts          Ice            0%         1d1       99%         3
 Gell's Gravitas          Tloc           0%         N/A       99%         3
 Ignite Poison            Fire/Tmut/Pois 0%         N/A       99%         3
 Inner Flame              Hex/Fire       0%         N/A       99%         3
 Lesser Beckoning         Tloc           0%         N/A       99%         3
 Mephitic Cloud           Conj/Pois/Air  0%         N/A       99%         3
 Ozocubu's Armour         Ice            0%         N/A       99%         3
 Portal Projectile        Hex/Tloc       0%         N/A       99%         3
 Spider Form              Tmut/Pois      0%         N/A       99%         3
 Stone Arrow              Conj/Erth      0%         3d7       99%         3
 Swiftness                Air            0%         N/A       99%         3
 Teleport Other           Tloc           0%         N/A       99%         3
 Vampiric Draining        Necr           0%         2d6       99%         3
 Anguish                  Hex/Necr       0%         N/A       100%        4
 Cause Fear               Hex            0%         N/A       100%        4
 Corpse Rot               Necr/Pois/Air  0%         N/A       100%        4
 Dispel Undead            Necr           0%         3d6       100%        4
 Flame Wave               Conj/Fire      0%         2d4       100%        4
 Fulminant Prism          Conj/Hex       0%         3d6       100%        4
 Ice Form                 Ice/Tmut       0%         N/A       100%        4
 Iskenderun's Mystic Bla  Conj/Tloc      0%         2d3       100%        4
 Petrify                  Tmut/Erth      0%         N/A       100%        4
 Sticky Flame             Conj/Fire      0%         2d3       100%        4
 Agony                    Necr           0%         N/A       100%        5
 Alistair's Intoxication  Tmut/Pois      0%         N/A       100%        5
 Blade Hands              Tmut           0%         N/A       100%        5
 Borgnjor's Vile Clutch   Necr/Erth      0%         N/A       100%        5
 Freezing Cloud           Conj/Ice/Air   0%         6-21      100%        5
 Lee's Rapid Deconstruct  Erth           0%         3d5*      100%        5
 Lightning Bolt           Conj/Air       0%         1d11      100%        5
 Manifold Assault         Tloc           0%         N/A       100%        5
 Metabolic Englaciation   Hex/Ice        0%         N/A       100%        5
 Dispersal                Tloc           0%         N/A       100%        6
 Eringya's Noxious Bog    Tmut/Pois      0%         N/A       100%        6
 Iron Shot                Conj/Erth      0%         9d1       100%        6
 Starburst                Conj/Fire      0%         6d3       100%        6
 Statue Form              Tmut/Erth      0%         N/A       100%        6
 Dragon Form              Tmut           0%         N/A       100%        7
 Enfeeble                 Hex            0%         N/A       100%        7
 Storm Form               Tmut/Air       0%         N/A       100%        7
 Disjunction              Tloc           0%         N/A       100%        8
 Lehudib's Crystal Spear  Conj/Erth      0%         10d2      100%        8
 Maxwell's Capacitive Co  Air            0%         ∞         100%        8
 Polar Vortex             Ice            0%         N/A       100%        9
 Summon Small Mammal      Summ           Unusable   N/A       N/A         1
 Call Imp                 Summ           Unusable   N/A       N/A         2
 Tukima's Dance           Hex            Unusable   N/A       N/A         3
 Summon Ice Beast         Ice/Summ       Unusable   N/A       N/A         4
 Summon Forest            Summ/Tloc      Unusable   N/A       N/A         5
 Death Channel            Necr           Unusable   N/A       N/A         6
 Simulacrum               Ice/Necr       Unusable   N/A       N/A         6
 Summon Hydra             Summ           Unusable   N/A       N/A         7
 Summon Horrible Things   Summ           Unusable   N/A       N/A         8
 Dragon's Call            Summ           Unusable   N/A       N/A         9

Dungeon Overview and Level Annotations

Branches:
Dungeon (15/15)            Temple (0/1) D:5            Lair (5/5) D:8
  Swamp (4/4) Lair:2        Snake (4/4) Lair:3        Slime (0/5) Lair:5
    Orc (2/2) D:12            Elf (3/3) Orc:2        Vaults (5/5) D:14
  Crypt (3/3) Vaults:2       Tomb (0/3) Crypt:3      Depths (4/4) D:15
    Zot (5/5) Depths:4    Ossuary (visited)

Altars:
Hepliaklqana
Kikubaaqudgha
Okawaru
Qazlal
Ru
Sif Muna
Trog
Wu Jian
Xom
Yredelemnul

Shops:
D:1 !=:((   D:8 :   Orc:2 *[:(   Elf:1 =:=   Elf:3 *   Vaults:3 *
Vaults:5 (?!=   Depths:2 (

Portals:
Hell: Depths:1 Depths:2 Depths:3 Depths:4
Abyss: Depths:1 Depths:3
Pandemonium: Depths:2
Ziggurat: Depths:1

Annotations:
Lair:5 exclusion: 2 oklob plants
Swamp:3 2 transporters, Gokhumny's ghost, adept GnFi
Depths:3 exclusion: 2 orange crystal statues


Innate Abilities, Weirdness & Mutations

You have a pair of horns on your head.
You reflexively headbutt those who attack you in melee.
You have very sharp teeth.
You are partially covered in iridescent scales. (AC +2)
Your mind is acute. (Int +4, Str/Dex -1)
You are very frail. (-20% HP)
You are weak. (Str -2)


Message History

[a rock wall.]
The rock shatters into small pieces.
There is a stone staircase leading up here.
You climb upwards.
There is a stone staircase leading down here.
There is a stone staircase leading up here.
You climb upwards.
There is a stone staircase leading down here.
Okay, then.
You feel yourself speed up.
There is a stone staircase leading up here.
You climb upwards.
There is a stone staircase leading down here.
Aiming: Dig
Press: ? - help, Shift-Dir - straight line You can't see that place. [a rock wall.]
Okay, then.
An efreet comes into view.
It is wielding a +1 scimitar of flaming.
There is a stone staircase leading up here.
You climb upwards.
There is a stone staircase leading down here.
Your extra speed is starting to run out.
You feel yourself slow down.
There is a stone staircase leading up here.
You climb upwards.
There is a stone staircase leading down here.
Unknown command.
A large abomination comes into view.
An Executioner comes into view.
There is a stone staircase leading up here.
You climb upwards.
There is a stone staircase leading down here.
Aiming: Dig
Press: ? - help, Shift-Dir - straight line You can't see that place. [the floor.]
The rock shatters into small pieces.
There is a staircase leading out of the dungeon here.
You have escaped!

#..##..###.##.##.# #.
########.###......##.##.#
#. .........#
#####.###'##### #.
########## #..#...#..# #.
######## #..'^..'.(# #.
.......# #..#...#..# #.
######.# #.##...#### #.
#.# #..#...#..# #. #.#
#@.'...'..# ## #.#
#..#...#..# # #.#
####.#.#### #.#
#..#.#.#..# ######.###
#P.'...'..# .........#
#..#...#..# ####.#.#.#
####...#### #.#.#.#
#..#...#P.# #.#.#.#
#..'...'..#


There were no monsters in sight!

Vanquished Creatures
  2 ancient liches
  Tiamat (Zot:3)
  5 orbs of fire
  7 dread liches
  Boris (thrice) (Arena Depths:2 Depths:4)
  8 Killer Klowns (Zot:5)
  Margery (Depths:4)
  Parghit (Zot:3)
  the Lernaean hydra (Swamp:4)
  Vashnia (Arena)
  2 curse toes
  3 caustic shrikes (Depths:1)
  9 golden dragons
  3 bone dragons
  3 doom hounds (Depths:3)
  2 Tzitzimimeh (Arena)
  3 electric golems
  A shard shrike skeleton (Crypt:3)
  25 Orb Guardians
  10 tentacled monstrosities
  Mlioglotl (Swamp:3)
  Grunn (Arena)
  8 quicksilver dragons
  6 liches
  Asterion (Vaults:3)
  2 deep elf blademasters (Elf:3)
  An Ice Fiend (Depths:3)
  A walking divine tome (Depths:4)
  4 titans
  A deep elf master archer (Elf:3)
  9 acid blobs
  8 death cobs
  7 sphinxes
  2 ancient champions
  Frances (D:12)
  6 tentacled starspawn (Abyss:3)
  18 storm dragons
  Roxanne (D:15)
  2 thorn hunters (Swamp:4)
  16 shadow dragons
  Kirke (Arena)
  3 revenants
  8 tengu reavers
  5 nagarajas
  10 draconian knights
  11 frost giants
  6 draconian monks
  4 fire giants
  3 ghost moths
  5 deep elf sorcerers
  14 vault wardens
  2 draconian scorchers
  3 orc warlords
  An iron dragon (Vaults:3)
  8 ironbound preservers
  3 deep elf elementalists
  11 draconian shifters
  9 draconian stormcallers
  A juggernaut zombie (Depths:2)
  2 cacodemons (Abyss:3)
  A caustic shrike zombie (Crypt:1)
  6 draconian annihilators
  A caustic shrike skeleton (Crypt:3)
  4 curse skulls
  A quicksilver ooze (shapeshifter) (Depths:3)
  5 ironbound thunderhulks
  5 reapers
  5 war gargoyles
  4 ghouls
  6 green draconians
  28 very ugly things
  7 starcursed masses (Abyss:3)
  15 stone giants
  A juggernaut skeleton (Crypt:3)
  7 vampire knights
  7 eleionomae
  2 putrid mouths (Arena)
  10 purple draconians
  A wendigo (Depths:2)
  9 deep elf demonologists
  4 deep elf annihilators
  Azrael (Elf:1)
  20 dire elephants
  8 black draconians
  21 yellow draconians
  9 white draconians
  9 red draconians
  10 bunyips
  2 crystal guardians (Vaults:4)
  5 eidola
  13 fire dragons
  2 blizzard demons
  5 jiangshi
  13 ettins
  A green death (Abyss:3)
  15 yaktaur captains
  A merfolk impaler (Depths:4)
  10 deep elf death magi
  A deep elf high priest (Elf:3)
  2 great orbs of eyes
  40 vault guards
  3 salamander tyrants
  4 boulder beetles
  Harold (D:11)
  24 hydras
  A fenstrider witch zombie (Crypt:1)
  17 ice dragons
  A hydra (shapeshifter) (Elf:2)
  A caustic shrike simulacrum (Depths:3)
  7 rakshasas
  A hell beast (Depths:3)
  2 ogre magi
  Fannar (D:11)
  2 peacekeepers (Vaults:4)
  2 spriggan air magi
  5 catoblepae
  3 spriggan skeletons
  14 ironbound frosthearts
  8 anacondas
  10 alligators
  Erica (D:11)
  30 dancing weapons
  2 ghost crabs
  A tengu warrior (D:13)
  3 two-headed ogres
  6 centaur warriors
  4 death knights (Crypt:1)
  A titan zombie (Crypt:2)
  An alligator (shapeshifter) (D:15)
  3 deep troll shamans
  18 naga warriors
  13 death yaks
  5 deep troll earth magi
  7 hell hogs (Abyss:3)
  4 vampire magi
  2 soul eaters (Depths:3)
  9 thrashing horrors (Abyss:3)
  A spriggan berserker (Depths:2)
  3 orc high priests
  8 shock serpents
  Sonja (Arena)
  22 naga sharpshooters
  16 deep elf knights
  16 hell knights
  5 wretched stars (Abyss:3)
  2 sixfirhies
  9 iron trolls
  2 shadow wraiths
  A death drake (Zot:1)
  4 salamander mystics
  28 deep trolls
  A fire crab (shapeshifter) (Vaults:5)
  5 goliath frogs
  A spatial maelstrom (Abyss:3)
  7 glowing orange brains
  A storm dragon skeleton (Crypt:1)
  A spark wasp zombie (Depths:2)
  14 phantasmal warriors
  13 bog bodies
  26 skeletal warriors
  7 deep elf archers
  5 flayed ghosts
  10 swamp dragons
  A bunyip skeleton (Crypt:3)
  The ghost of diceflayer the Fighter, a novice DsFi (D:6)
  3 anaconda skeletons (Crypt:3)
  3 spriggan druids
  7 naga ritualists
  18 ironbound convokers
  A sea snake (shapeshifter) (Abyss:3)
  3 necromancers
  8 wizards
  23 deep elf zephyrmancers
  A fenstrider witch simulacrum (Crypt:1)
  11 lindwurms
  5 orc sorcerers
  20 deep elf pyromancers
  10 orc knights
  4 will-o-the-wisps
  11 mana vipers
  25 ugly things
  2 oklob plants (Zot:4)
  A sphinx skeleton (Crypt:1)
  A wolf spider (D:15)
  11 manticores
  4 cyclopes
  11 salamanders
  A wolf spider (shapeshifter) (Vaults:4)
  2 worldbinders (Abyss:3)
  24 moths of wrath
  12 large abominations
  Maurice (D:9)
  12 elephants
  16 vault sentinels
  13 fire giant skeletons
  4 guardian serpents
  2 torpor snails
  35 black mambas
  A water nymph (shapeshifter) (Vaults:5)
  4 smoke demons
  16 naga magi
  A cane toad (shapeshifter) (D:15)
  8 gargoyles
  An orange demon (Abyss:3)
  12 cane toads
  The ghost of diceflayer the Ducker, a novice DsFi (D:6)
  3 centaur skeletons
  2 rime drakes
  2 human zombies (Vaults:2)
  A yaktaur zombie (Vaults:2)
  3 unseen horrors
  4 ancient zymes (Abyss:3)
  10 freezing wraiths
  2 tormentors
  An efreet (Abyss:3)
  28 yaktaurs
  A yellow draconian skeleton (Crypt:1)
  11 komodo dragons
  6 tengu conjurers
  A harpy zombie (Abyss:3)
  A pale draconian skeleton (Crypt:2)
  10 trolls
  2 golden dragon simulacra (Depths:3)
  A hellwing (Abyss:3)
  3 polar bears
  The ghost of sausages the Conjurer, a novice DECj (D:5)
  A bloated husk (Swamp:3)
  10 tyrant leeches
  22 blink frogs
  2 hornets
  A hydra skeleton (Abyss:3)
  2 harpy skeletons
  17 slime creatures
  A fire giant simulacrum (Depths:3)
  A spriggan zombie (Depths:2)
  3 dream sheep (Lair:1)
  3 raiju (Abyss:3)
  5 flying skulls (Abyss:3)
  A human simulacrum (Vaults:2)
  2 air elementals (Elf:3)
  4 fire dragon skeletons (Crypt:3)
  6 shadows
  A vampire (D:13)
  12 water elementals
  6 wyverns
  2 ushabtiu (Crypt:3)
  A wind drake zombie (Crypt:1)
  6 spriggans
  10 wraiths
  An ettin skeleton (Vaults:2)
  A dire elephant simulacrum (Crypt:1)
  6 humans (Swamp:1)
  58 yaks
  Eustachio (D:6)
  6 fire elementals
  3 basilisks
  10 vampire mosquitoes
  Menkaure (D:4)
  5 chaos spawn
  2 redbacks (shapeshifter)
  7 neqoxecs
  7 small abominations
  7 wargs
  A spatial vortex (Abyss:3)
  12 swamp worms
  32 nagas
  A faun zombie (Crypt:1)
  9 hell hounds
  18 water moccasins
  An acid dragon (D:9)
  2 floating eyes
  6 black bears
  A sky beast (D:7)
  A black bear (shapeshifter) (Vaults:5)
  33 orc warriors
  2 ice beasts (D:5)
  13 swamp drakes
  An ettin simulacrum (Depths:3)
  13 ogres
  15 wolves
  5 boggarts
  An eye of devastation zombie (Crypt:1)
  10 centaurs
  Blork the orc (D:6)
  A phantom (D:6)
  A gnoll sergeant (D:5)
  2 necrophages
  3 kobold brigands
  3 earth elementals
  15 bullfrogs
  3 scorpions
  7 wights
  A yak zombie (Crypt:2)
  7 killer bees
  3 howler monkeys
  3 electric eels
  A crimson imp (Abyss:3)
  A bullfrog zombie (Crypt:2)
  34 jellies
  A basilisk zombie (Crypt:1)
  16 orc priests
  6 hounds
  A human skeleton (Crypt:2)
  2 iguanas
  7 hell rats (Lair:2)
  28 orc wizards
  18 mummies
  Robin (D:3)
  A steam dragon zombie (Crypt:2)
  7 adders
  7 gnolls
  A shadow imp (D:8)
  2 white imps
  4 ufetubi
  2 worms (D:2)
  4 dart slugs
  69 orcs
  11 ball pythons
  6 bats
  10 endoplasms
  8 giant cockroaches
  16 goblins
  10 hobgoblins
  4 jackals (D:1)
  20 kobolds
  2 quokkas
  An endoplasm zombie (Crypt:2)
  5 frilled lizards
  A frilled lizard skeleton (Crypt:2)
  3 gnoll zombies (Ossuary)
  A hobgoblin zombie (Ossuary)
  2 kobold zombies (Ossuary)
  2 orc zombies (Ossuary)
  8 rats
  2 rat skeletons
  7 briar patches (Swamp:4)
  2 starspawn tentacles (Abyss:3)
2279 creatures vanquished.

Vanquished Creatures (others)
  A deep elf death mage (Crypt:2)
  A large abomination (Zot:4)
  An ancient zyme (Abyss:3)
  A bloated husk (Swamp:3)
  An orc warrior (Vaults:5)
  An ettin simulacrum (Depths:3)
  A small abomination (Abyss:3)
  An orc (D:12)
  3 briar patches (Swamp:4)
  28 foxfires
  60 fungi
  A lurking horror (Abyss:3)
  70 plants
  18 starspawn tentacles (Abyss:3)
  23 withered plants (Crypt:3)
211 creatures vanquished.

Grand Total: 2490 creatures vanquished

Notes
Turn   | Place    | Note
-------+----------+-------------------------------------------
     0 | D:1      | mtoz the Minotaur Fighter began the quest for the Orb.
     0 | D:1      | Reached XP level 1. HP: 19/19 MP: 0/0
   179 | D:1      | Found Cial's Weapon Shoppe.
   201 | D:1      | Reached XP level 2. HP: 23/27 MP: 1/1
   393 | D:1      | Found Devunt's Jewellery Shoppe.
   421 | D:1      | Reached XP level 3. HP: 33/33 MP: 2/2
   552 | D:1      | Found Fotwuh's Antique Weapon Shop.
   561 | D:1      | Reached skill level 1 in Dodging
   777 | D:1      | Reached skill level 4 in Fighting
   887 | D:1      | Found Cogef's Distillery.
   892 | D:1      | Bought a potion of degeneration for 13 gold pieces
   972 | D:1      | Found Zasiskef's Book Shop.
  1189 | D:2      | Reached XP level 4. HP: 33/40 MP: 3/3
  1416 | D:2      | Found an ornate altar of the Wu Jian Council.
  1880 | D:3      | Noticed Robin
  1943 | D:3      | Killed Robin
  1944 | D:3      | Reached XP level 5. HP: 38/47 MP: 4/4
  2221 | D:3      | Found Tegokic's Jewellery Shop.
  2651 | D:3      | Found a shimmering blue altar of Sif Muna.
  3046 | D:4      | Identified the +2 pair of boots "Lugeat" {Str+4 Int+4
                  | Stlth+}
  3134 | D:4      | Noticed a black bear
  3144 | D:4      | Killed a black bear
  3145 | D:4      | Reached skill level 5 in Fighting
  3145 | D:4      | Reached skill level 5 in Armour
  3145 | D:4      | Reached skill level 5 in Shields
  3145 | D:4      | Reached XP level 6. HP: 34/56 MP: 5/5
  3270 | D:4      | Found an iron altar of Okawaru.
  3406 | D:4      | Noticed Menkaure
  3415 | D:4      | Killed Menkaure
  3798 | D:4      | Reached XP level 7. HP: 45/61 MP: 6/6
  4138 | D:4      | Became a worshipper of Warmaster Okawaru
  4145 | D:5      | Entered Level 5 of the Dungeon
  4217 | D:5      | Reached skill level 5 in Axes
  4264 | D:5      | Reached * piety under Okawaru
  4265 | D:5      | Reached skill level 6 in Fighting
  4635 | D:5      | Reached XP level 8. HP: 42/70 MP: 7/7
  4821 | D:5      | Found a staircase to the Ecumenical Temple.
  4969 | D:5      | Found a runed translucent gate.
  4969 | D:5      | Found a runed translucent gate.
  4969 | D:5      | Found a runed translucent gate.
  4970 | D:5      | Noticed sausages's ghost (novice DECj)
  5241 | D:6      | Noticed Blork the orc
  5286 | D:6      | Killed Blork the orc
  5315 | D:6      | Reached ** piety under Okawaru
  5442 | D:6      | Reached skill level 7 in Fighting
  5494 | D:6      | Found a runed translucent gate.
  5494 | D:6      | Found a runed translucent gate.
  5494 | D:6      | Found a runed translucent gate.
  5495 | D:6      | Noticed diceflayer's ghost (novice DsFi)
  5496 | D:6      | Noticed diceflayer's ghost (novice DsFi)
  6000 | D:6      | Noticed Eustachio
  6010 | D:6      | Killed Eustachio
  6011 | D:6      | Reached XP level 9. HP: 79/79 MP: 8/8
  6012 | D:6      | Reached *** piety under Okawaru
  6513 | D:7      | Reached skill level 8 in Fighting
  6743 | D:7      | Found a stormy altar of Qazlal.
  6906 | D:7      | Found a sacrificial altar of Ru.
  7458 | D:8      | Reached **** piety under Okawaru
  7629 | D:8      | Found a sand-covered staircase.
  7638 | Ossuary  | Entered an ossuary
  7667 | Ossuary  | Reached skill level 5 in Dodging
  7958 | D:8      | Noticed a komodo dragon
  7971 | D:8      | Killed a komodo dragon
  7976 | D:8      | Reached XP level 10. HP: 74/90 MP: 9/9
  8020 | D:8      | Reached skill level 9 in Fighting
  8146 | D:8      | Reached skill level 1 in Invocations
  8146 | D:8      | Reached skill level 1 in Evocations
  8152 | D:8      | Reached ***** piety under Okawaru
  8390 | D:8      | Found Acikarch's Book Emporium.
  8689 | D:8      | Found a staircase to the Lair.
  8694 | D:8      | Received a gift from Okawaru
  8700 | Lair:1   | Entered Level 1 of the Lair of Beasts
  8700 | Lair:1   | Noticed a cane toad
  8706 | D:8      | Killed a cane toad
  8952 | D:9      | Noticed Maurice
  8958 | D:9      | Killed Maurice
  9616 | D:9      | Reached skill level 10 in Armour
  9759 | D:9      | Reached skill level 10 in Fighting
  9759 | D:9      | Reached XP level 11. HP: 81/99 MP: 12/12
 10015 | D:10     | Entered Level 10 of the Dungeon
 10027 | D:10     | Reached skill level 10 in Shields
 10565 | D:10     | Reached skill level 10 in Axes
 10870 | D:10     | Found a basalt altar of Yredelemnul.
 10870 | D:10     | Found a shimmering altar of Xom.
 11595 | D:11     | Identified the +1 plate armour of Pragmatism {Contam Harm
                  | rPois rN++} (Okawaru gifted it to you on level 11 of the
                  | Dungeon)
 11595 | D:11     | Received a gift from Okawaru
 11716 | D:11     | Noticed Fannar
 11728 | D:11     | Killed Fannar
 11820 | D:11     | Noticed a two-headed ogre
 11824 | D:11     | Killed a two-headed ogre
 12115 | D:11     | Noticed Harold
 12129 | D:11     | Killed Harold
 12252 | D:11     | Noticed a two-headed ogre
 12257 | D:11     | Killed a two-headed ogre
 12269 | D:11     | Gained mutation: You occasionally lose the ability to read
                  | scrolls when taking damage. [mutagenic glow]
 12410 | D:11     | Noticed Erica
 12434 | D:11     | Killed Erica
 13254 | D:12     | Reached skill level 5 in Invocations
 13256 | D:12     | Reached skill level 11 in Fighting
 13454 | D:12     | Noticed Frances
 13472 | D:12     | Killed Frances
 13473 | D:12     | Reached XP level 12. HP: 21/110 MP: 14/14
 13854 | D:12     | Reached skill level 5 in Evocations
 14303 | D:12     | Reached ****** piety under Okawaru
 14608 | D:12     | Received a gift from Okawaru
 15217 | D:12     | Found a staircase to the Orcish Mines.
 15277 | Orc:1    | Entered Level 1 of the Orcish Mines
 15353 | Orc:2    | Entered Level 2 of the Orcish Mines
 15362 | Orc:2    | Noticed an orc high priest
 16631 | Orc:2    | Killed an orc high priest
 16642 | Orc:2    | Identified the +6 flail of Igamn {protect, rPois rCorr
                  | Str-3 Dex+3} (Okawaru gifted it to you on level 2 of the
                  | Orcish Mines)
 16642 | Orc:2    | Received a gift from Okawaru
 16696 | Orc:2    | Found Sonau's General Store.
 17117 | Orc:2    | Paralysed by an orc sorcerer for 2 turns
 17481 | Orc:2    | Found Komuoly's Antique Armour Boutique.
 17870 | Orc:2    | Paralysed by an orc sorcerer for 2 turns
 18125 | Orc:2    | Noticed an orc high priest
 18142 | Orc:2    | Killed an orc high priest
 18142 | Orc:2    | Received a gift from Okawaru
 18143 | Orc:2    | Reached skill level 12 in Fighting
 18381 | Orc:2    | Noticed an orc warlord
 18579 | Arena    | Entered the Arena
 18589 | Arena    | Killed an orc warlord
 19255 | Orc:1    | Noticed an orc high priest
 19265 | Orc:1    | Killed an orc high priest
 19266 | Orc:1    | Reached XP level 13. HP: 118/118 MP: 17/17
 19332 | Orc:2    | Found Soibiuku's Book Boutique.
 19333 | Orc:2    | Found a staircase to the Elven Halls.
 19862 | Orc:2    | Found Uneuqila's Antique Weapon Shoppe.
 19992 | Orc:2    | Bought a pair of bloodstained gloves for 228 gold pieces
 19992 | Orc:2    | Identified the +1 pair of gloves of Grace {rF++ Will-} (You
                  | bought it in a shop on level 2 of the Orcish Mines)
 20267 | D:1      | Bought a potion of haste for 130 gold pieces
 20267 | D:1      | Bought a potion of heal wounds for 65 gold pieces
 20267 | D:1      | Bought a potion of haste for 130 gold pieces
 20515 | Orc:2    | Bought a scroll of blinking for 97 gold pieces
 21345 | Lair:1   | Received a gift from Okawaru
 21533 | Lair:1   | Identified the +1 buckler "Domoz" {rF++} (Okawaru gifted it
                  | to you on level 1 of the Lair of Beasts)
 21533 | Lair:1   | Received a gift from Okawaru
 22715 | Lair:2   | Found a staircase to the Swamp.
 23118 | Swamp:1  | Entered Level 1 of the Swamp
 23182 | Lair:3   | Found a staircase to the Snake Pit.
 23565 | Lair:3   | Reached skill level 13 in Fighting
 23975 | Lair:3   | Noticed Sonja
 23988 | Arena    | Entered the Arena
 23998 | Arena    | Killed Sonja
 24892 | Lair:4   | Received a gift from Okawaru
 25290 | Lair:4   | Reached XP level 14. HP: 101/129 MP: 19/19
 26502 | Lair:4   | Identified the +2 war axe "Mofrec" {elec, Fly rC+ Int-5
                  | Dex+4} (Okawaru gifted it to you on level 4 of the Lair of
                  | Beasts)
 26502 | Lair:4   | Received a gift from Okawaru
 26736 | Lair:5   | Entered Level 5 of the Lair of Beasts
 27924 | Lair:5   | Identified the amulet "Lypol" {Harm rElec rN+ Regen+}
 28000 | Lair:5   | Received a gift from Okawaru
 28489 | Lair:5   | Reached skill level 14 in Fighting
 28903 | Lair:5   | Identified the +1 ring mail of Claustrophobia {rC+ Will-
                  | Regen+ Str+6} (Okawaru gifted it to you on level 5 of the
                  | Lair of Beasts)
 28903 | Lair:5   | Received a gift from Okawaru
 29197 | Lair:5   | Found a staircase to the Slime Pits.
 29674 | Lair:5   | Reached XP level 15. HP: 61/139 MP: 21/21
 30108 | D:5      | Killed sausages's ghost
 30184 | D:6      | Killed diceflayer's ghost
 30187 | D:6      | Killed diceflayer's ghost
 30771 | D:13     | You are sucked into a shaft and drop 2 floors!
 30771 | D:15     | Entered Level 15 of the Dungeon
 30970 | D:13     | Received a gift from Okawaru
 31854 | D:14     | Reached skill level 10 in Invocations
 31967 | D:14     | Found a gate to the Vaults.
 32630 | D:15     | Identified Roxanne's Handbook of the Mountains
 32630 | D:15     | Noticed Roxanne
 32658 | D:15     | Killed Roxanne
 32960 | D:15     | Received a gift from Okawaru
 33096 | D:15     | Found a staircase to the Depths.
 33751 | D:15     | Reached skill level 15 in Fighting
 33922 | Depths:1 | Entered Level 1 of the Depths
 33945 | D:15     | Reached skill level 15 in Armour
 33951 | Arena    | Entered the Arena
 34568 | Swamp:1  | Reached skill level 15 in Shields
 34581 | Swamp:1  | Identified the +1 hat of the Stars {rElec} (Okawaru gifted
                  | it to you on level 1 of the Swamp)
 34581 | Swamp:1  | Received a gift from Okawaru
 34954 | Swamp:1  | Reached skill level 15 in Axes
 35058 | Swamp:1  | Noticed Kirke
 35059 | Arena    | Entered the Arena
 35067 | Arena    | Killed Kirke
 36020 | Arena    | Entered the Arena
 36052 | Swamp:2  | Reached XP level 16. HP: 139/149 MP: 18/23
 37193 | Swamp:3  | Reached skill level 10 in Evocations
 37228 | Swamp:3  | Noticed Mlioglotl
 37347 | Swamp:3  | Killed Mlioglotl
 37597 | Swamp:3  | Found a transporter.
 38087 | Swamp:3  | Found a transporter.
 38098 | Swamp:3  | Noticed Gokhumny's ghost (adept GnFi)
 38107 | Swamp:3  | Found a bloodstained altar of Trog.
 39241 | Swamp:4  | Entered Level 4 of the Swamp
 39683 | Swamp:4  | Identified the +1 hat of Erocru {rN++ Regen+ Stlth-}
                  | (Okawaru gifted it to you on level 4 of the Swamp)
 39683 | Swamp:4  | Received a gift from Okawaru
 39684 | Arena    | Entered the Arena
 40383 | Arena    | Entered the Arena
 40411 | Swamp:4  | Noticed a thorn hunter
 40578 | Swamp:4  | Noticed the 27-headed Lernaean hydra
 40592 | Swamp:4  | Killed the 27-headed Lernaean hydra
 40593 | Swamp:4  | Reached skill level 16 in Fighting
 40767 | Swamp:4  | Noticed a thorn hunter
 40806 | Swamp:4  | Killed a thorn hunter
 41404 | Swamp:4  | Got a decaying rune of Zot
 41704 | Swamp:4  | Killed a thorn hunter
 42072 | Swamp:4  | Reached XP level 17. HP: 145/158 MP: 21/24
 42661 | Vaults:1 | Entered Level 1 of the Vaults
 42733 | Arena    | Entered the Arena
 42957 | Elf:1    | Entered Level 1 of the Elven Halls
 43373 | Elf:1    | Received a gift from Okawaru
 43613 | Elf:1    | Got Sif Muna's Reference Book on the Impact and Allies
 43731 | Elf:1    | Noticed Azrael
 43747 | Elf:1    | Killed Azrael
 43805 | Elf:1    | Found Pyleuts's Jewellery Emporium.
 43805 | Elf:1    | Found Zalur's Book Shop.
 43806 | Elf:1    | Found Rostuaf's Jewellery Emporium.
 43830 | Elf:1    | Bought the ring "Zeshe" {rElec rC+ Will+ Dex-5} for 409
                  | gold pieces
 44028 | Elf:1    | Identified the +4 demon blade "Oquniniho" {freeze, Int+4}
                  | (Okawaru gifted it to you on level 1 of the Elven Halls)
 44028 | Elf:1    | Received a gift from Okawaru
 44340 | Elf:3    | Entered Level 3 of the Elven Halls
 44790 | Arena    | Entered the Arena
 44825 | Elf:2    | Reached skill level 17 in Fighting
 45036 | Elf:2    | Found a runed translucent gate.
 45036 | Elf:2    | Found a runed translucent gate.
 45036 | Elf:2    | Found a runed translucent gate.
 45453 | Elf:2    | Identified the +4 kite shield of the Silversmith {rElec
                  | rPois SInv} (Okawaru gifted it to you on level 2 of the
                  | Elven Halls)
 45453 | Elf:2    | Received a gift from Okawaru
 45740 | Elf:2    | Lost mutation: You occasionally lose the ability to read
                  | scrolls when taking damage. [potion of mutation]
 45740 | Elf:2    | Gained mutation: Your spells are a little easier to cast,
                  | but a little less powerful. [potion of mutation]
 45894 | Elf:3    | Paralysed by an air elemental for 1 turns
 45898 | Elf:3    | Paralysed by an air elemental for 1 turns
 45902 | Elf:3    | Paralysed by an air elemental for 1 turns
 45920 | Elf:3    | Found Nomor's Assorted Antiques.
 46082 | Elf:3    | Reached XP level 18. HP: 170/170 MP: 26/26
 46417 | Arena    | Entered the Arena
 46450 | Arena    | Entered the Arena
 46686 | Arena    | Entered the Arena
 46710 | Elf:3    | Noticed a Brimstone Fiend
 46714 | Elf:3    | Noticed a Hell Sentinel
 46718 | Elf:3    | Paralysed by an air elemental for 1 turns
 47481 | Elf:3    | Paralysed by an air elemental for 1 turns
 47498 | Elf:3    | Reached skill level 18 in Fighting
 47635 | Elf:3    | Found the +2 hood of the Assassin {Detection Stab+ Stlth++}
 47642 | Elf:3    | Identified the +2 mace "Zemepask" {antimagic, SInv}
 47678 | Elf:3    | Identified the +0 chain mail "Collouc" {Harm rF+}
 47748 | Elf:3    | Identified the amulet of Maywan {Faith Will++ Slay+3}
 47758 | Elf:3    | Noticed a Tzitzimitl
 47804 | Elf:3    | Identified the +4 mace of the Moon {elec, Str+3}
 47811 | Elf:3    | Identified the +6 long sword "Musettap" {flame, rElec rC+
                  | Int+4}
 48189 | Snake:1  | Entered Level 1 of the Snake Pit
 48732 | Snake:1  | Received a gift from Okawaru
 49886 | Snake:2  | Identified the +6 chain mail of Jouluip {Str+3 Slay-5 SInv}
 51311 | Snake:3  | Identified the +7 quick blade "Gionwaotavo" {elec, +Blink
                  | rF+ Will+} (Okawaru gifted it to you on level 3 of the
                  | Snake Pit)
 51311 | Snake:3  | Received a gift from Okawaru
 51652 | Snake:3  | Noticed Vashnia
 51656 | Arena    | Entered the Arena
 51664 | Arena    | Killed Vashnia
 51701 | Snake:3  | Reached skill level 19 in Fighting
 51702 | Snake:3  | Reached XP level 19. HP: 103/182 MP: 25/27
 52408 | Snake:4  | Entered Level 4 of the Snake Pit
 52947 | Snake:4  | Received a gift from Okawaru
 52947 | Snake:4  | Found the +1 cloak of Starlight {*Dazzle EV+4 Stlth--}
 53556 | Snake:4  | Got a serpentine rune of Zot
 54571 | Vaults:1 | Reached skill level 20 in Fighting
 54644 | Arena    | Entered the Arena
 54673 | Arena    | Entered the Arena
 54704 | Vaults:1 | Received a gift from Okawaru
 54707 | Arena    | Entered the Arena
 55299 | Vaults:1 | Identified the +8 rapier of Xogreon {pain, Drain rN+ rCorr}
 55615 | Vaults:2 | Noticed Boris
 55617 | Arena    | Entered the Arena
 55629 | Arena    | Killed Boris
 56011 | Vaults:2 | Identified the +0 robe of Gesho {Rampage rF+ Str+4 Int-3}
                  | (Okawaru gifted it to you on level 2 of the Vaults)
 56011 | Vaults:2 | Received a gift from Okawaru
 56029 | Vaults:2 | Reached skill level 15 in Evocations
 56029 | Vaults:2 | Reached XP level 20. HP: 133/195 MP: 22/28
 56166 | Arena    | Entered the Arena
 56227 | Vaults:2 | Reached skill level 21 in Fighting
 57040 | Arena    | Entered the Arena
 57174 | Vaults:2 | Found a staircase to the Crypt.
 57177 | Crypt:1  | Entered Level 1 of the Crypt
 57825 | Vaults:3 | Found Labb's Assorted Antiques.
 58293 | Vaults:3 | Identified the +5 kite shield "Kualoy" {rElec Str+5}
 58293 | Vaults:3 | Noticed Asterion
 58301 | Vaults:3 | Reached skill level 22 in Fighting
 58315 | Vaults:3 | Killed Asterion
 58603 | Arena    | Entered the Arena
 58810 | Vaults:3 | Received a gift from Okawaru
 59313 | Vaults:4 | Reached skill level 23 in Fighting
 59345 | Vaults:4 | Identified the +6 tower shield "Qacvol" {Str+3} (Okawaru
                  | gifted it to you on level 4 of the Vaults)
 59345 | Vaults:4 | Received a gift from Okawaru
 59418 | Vaults:4 | Identified the +5 dagger of Fimbulwinter {flame, Stlth+}
 59541 | Arena    | Entered the Arena
 60467 | Vaults:4 | Reached XP level 21. HP: 213/213 MP: 29/29
 60468 | Vaults:4 | Reached skill level 24 in Fighting
 61768 | Depths:1 | Found a one-way gate to the infinite horrors of the Abyss.
 61850 | Depths:1 | Found a gateway to Hell.
 62014 | Depths:1 | Noticed a caustic shrike
 62015 | Depths:1 | Noticed a caustic shrike
 62018 | Depths:1 | Noticed a caustic shrike
 62034 | Depths:1 | Killed a caustic shrike
 62039 | Depths:1 | Killed a caustic shrike
 62045 | Depths:1 | Killed a caustic shrike
 62046 | Depths:1 | Reached skill level 25 in Fighting
 62314 | Depths:1 | Found a one-way gateway to a ziggurat.
 62557 | Depths:2 | Found Peha's Weapon Shoppe.
 63042 | Depths:2 | Identified the +0 robe of Melancholy {Int+2 Dex+5}
 63201 | Depths:2 | Found an ancient bone altar of Kikubaaqudgha.
 63303 | Depths:2 | Found a one-way gate leading to the halls of Pandemonium.
 63449 | Depths:2 | Found an iron altar of Okawaru.
 63465 | Depths:2 | Reached skill level 26 in Fighting
 63738 | Depths:2 | Noticed Boris
 63757 | Depths:2 | Killed Boris
 63757 | Depths:2 | Identified the +2 cloak of Qeozigi {Dex+3} (Okawaru gifted
                  | it to you on level 2 of the Depths)
 63757 | Depths:2 | Received a gift from Okawaru
 64262 | Depths:2 | Identified the +0 scale mail of the Wumpus {rPois rC++
                  | Dex+3}
 64923 | Depths:3 | Reached skill level 27 in Fighting
 65106 | Depths:3 | Paralysed by a wendigo for 1 turns
 65117 | Depths:2 | Paralysed by a wendigo for 1 turns
 65746 | Depths:3 | Reached XP level 22. HP: 194/233 MP: 30/30
 66150 | Depths:3 | Noticed Grunn
 66153 | Arena    | Entered the Arena
 66182 | Depths:3 | HP: 7/231 [stone giant (24)]
 66438 | Depths:2 | Bought the +8 broad axe of Himmu {pain, +Blink} for 1280
                  | gold pieces
 66968 | Depths:3 | Identified the +2 hat of Howling Wind {Int+4 SInv} (Okawaru
                  | gifted it to you on level 3 of the Depths)
 66968 | Depths:3 | Received a gift from Okawaru
 67018 | Arena    | Entered the Arena
 67029 | Arena    | Killed Grunn
 67590 | Depths:4 | Entered Level 4 of the Depths
 68044 | Depths:4 | Noticed Margery
 68124 | Depths:4 | Killed Margery
 68428 | Depths:4 | Noticed Boris
 68449 | Depths:4 | Killed Boris
 68557 | Depths:4 | Found a hazy altar of Hepliaklqana.
 68837 | Depths:4 | Found a gate to the Realm of Zot.
 70376 | Crypt:1  | You fall into a shaft and drop 1 floor!
 70478 | Crypt:2  | Identified the +14 plate armour "Jeecyesue" {rN+ Str+3}
                  | (Okawaru gifted it to you on level 2 of the Crypt)
 70478 | Crypt:2  | Received a gift from Okawaru
 70665 | Crypt:3  | Entered Level 3 of the Crypt
 71460 | Crypt:2  | Reached XP level 23. HP: 240/240 MP: 31/31
 71955 | Crypt:2  | Found an ancient bone altar of Kikubaaqudgha.
 72284 | Crypt:3  | Found the +9 sword of Zonguldrok {reap}
 72320 | Crypt:3  | Received a gift from Okawaru
 73076 | Crypt:3  | Found the +0 staff of Battle
 73208 | Crypt:3  | Found a staircase to the Tomb.
 73257 | Crypt:3  | Identified the +5 trident of Outrage {vorpal, Fly rC+++ rN+
                  | Int-4}
 73557 | Crypt:3  | Received a gift from Okawaru
 73646 | Crypt:3  | Found an ancient bone altar of Kikubaaqudgha.
 73648 | Crypt:3  | Noticed an ancient lich
 73666 | Crypt:3  | Killed an ancient lich
 73774 | Crypt:3  | Noticed a dread lich
 73783 | Crypt:3  | Killed a dread lich
 74558 | Vaults:5 | Entered Level 5 of the Vaults
 74577 | Vaults:5 | Identified the +1 plate armour of Terror {Dex+4 Slay+3}
                  | (Okawaru gifted it to you on level 5 of the Vaults)
 74577 | Vaults:5 | Received a gift from Okawaru
 74690 | Vaults:5 | Noticed a dread lich
 74701 | Vaults:5 | Killed a dread lich
 74970 | Arena    | Entered the Arena
 75177 | Vaults:4 | Identified the +3 robe "Moha" {*Corrode Str+4 Int+2 Stlth+}
                  | (Okawaru gifted it to you on level 4 of the Vaults)
 75177 | Vaults:4 | Received a gift from Okawaru
 75325 | Vaults:5 | Reached XP level 24. HP: 245/249 MP: 28/31
 75615 | Vaults:5 | Got a silver rune of Zot
 76122 | Vaults:5 | Noticed a dread lich
 76151 | Vaults:5 | Killed a dread lich
 76176 | Vaults:5 | Found Rabboci's Antique Weapon Shoppe.
 76292 | Vaults:5 | Found Zomu's Distillery.
 76292 | Vaults:5 | Found Wemni's Magic Scroll Boutique.
 76296 | Vaults:5 | Bought a potion of haste for 140 gold pieces
 76296 | Vaults:5 | Bought a potion of heal wounds for 70 gold pieces
 76296 | Vaults:5 | Bought a potion of might for 56 gold pieces
 76296 | Vaults:5 | Bought a potion of resistance for 140 gold pieces
 76296 | Vaults:5 | Bought a potion of heal wounds for 70 gold pieces
 76300 | Vaults:5 | Bought a scroll of blinking for 90 gold pieces
 76307 | Vaults:5 | Found Wuclon's Jewellery Emporium.
 76926 | Zot:1    | Entered Level 1 of the Realm of Zot
 77253 | Zot:1    | Identified the +2 pair of gloves of the Fletcher {Int+4
                  | SInv} (Okawaru gifted it to you on level 1 of the Realm of
                  | Zot)
 77253 | Zot:1    | Received a gift from Okawaru
 78868 | Zot:2    | Noticed an orb of fire
 78929 | Zot:1    | Killed an orb of fire
 79150 | Zot:2    | Identified the +2 scale mail of Alotao {rPois rN+ Dex+4}
 80537 | Zot:3    | Noticed Parghit
 81029 | Zot:3    | Reached XP level 25. HP: 239/257 MP: 31/31
 81031 | Zot:3    | Identified the +2 scale mail "Remahor" {Harm Rampage +Inv
                  | Slay-4} (Okawaru gifted it to you on level 3 of the Realm
                  | of Zot)
 81031 | Zot:3    | Received a gift from Okawaru
 81154 | Abyss:3  | Cast into level 3 of the Abyss (green draconian)
 81196 | Abyss:3  | Gained mutation: You occasionally lose the ability to read
                  | scrolls when taking damage. [a neqoxec]
 81197 | Abyss:3  | Gained mutation: You sometimes lose your temper in combat.
                  | [a neqoxec]
 81639 | Abyss:3  | Gained mutation: Potions are less effective at restoring
                  | your health. [a neqoxec]
 81651 | Zot:3    | Escaped the Abyss
 81932 | Arena    | Entered the Arena
 82122 | Arena    | Entered the Arena
 82422 | Zot:3    | Killed Parghit
 82728 | Zot:3    | Received a gift from Okawaru
 82754 | Zot:3    | Lost mutation: Potions are less effective at restoring your
                  | health. [potion of mutation]
 82754 | Zot:3    | Lost mutation: Your spells are a little easier to cast, but
                  | a little less powerful. [potion of mutation]
 82754 | Zot:3    | Gained mutation: You are clumsy. (Dex -2) [potion of
                  | mutation]
 82754 | Zot:3    | Gained mutation: You have hidden genetic potential. [potion
                  | of mutation]
 82754 | Zot:3    | Gained mutation: You have great hidden genetic potential.
                  | [potion of mutation]
 82755 | Zot:3    | Lost mutation: You occasionally lose the ability to read
                  | scrolls when taking damage. [potion of mutation]
 82755 | Zot:3    | Lost mutation: You sometimes lose your temper in combat.
                  | [potion of mutation]
 82755 | Zot:3    | Lost mutation: You are clumsy. (Dex -2) [potion of
                  | mutation]
 82755 | Zot:3    | Gained mutation: Your mind is acute. (Int +4, Str/Dex -1)
                  | [potion of mutation]
 82755 | Zot:3    | Gained mutation: Your magical capacity is low. (-10% MP)
                  | [potion of mutation]
 82755 | Zot:3    | Gained mutation: You expend magic power (3 MP) to
                  | strengthen your wands. [potion of mutation]
 82768 | Zot:3    | Identified the amulet of Etrach {Acrobat *Slow rF++ rN+}
 83023 | Zot:4    | Found the +4 dragonskin cloak
 83023 | Zot:4    | Noticed Tiamat
 83062 | Zot:3    | Killed Tiamat
 84156 | Arena    | Entered the Arena
 84296 | Abyss:3  | Cast into level 3 of the Abyss (yellow draconian)
 84372 | Abyss:3  | Gained mutation: You do not regenerate when monsters are
                  | visible. [a neqoxec]
 84591 | Abyss:3  | Lost mutation: You expend magic power (3 MP) to strengthen
                  | your wands. [potion of mutation]
 84591 | Abyss:3  | Lost mutation: Your mind is acute. (Int +4, Str/Dex -1)
                  | [potion of mutation]
 84591 | Abyss:3  | Lost mutation: Your magical capacity is low. (-10% MP)
                  | [potion of mutation]
 84591 | Abyss:3  | Gained mutation: You have supernaturally acute eyesight.
                  | (SInv) [potion of mutation]
 84692 | Abyss:3  | Noticed a dread lich
 84693 | Arena    | Entered the Arena
 84703 | Arena    | Killed a dread lich
 84715 | Abyss:3  | Found a corrupted altar of Lugonu.
 84715 | Abyss:3  | Found a transporter.
 84715 | Abyss:3  | Found a transporter.
 84725 | Abyss:3  | Found a corrupted altar of Lugonu.
 84882 | Abyss:3  | Gained mutation: You frequently scream uncontrollably at
                  | your foes. [a neqoxec]
 85005 | Abyss:3  | Lost mutation: You have great hidden genetic potential. [a
                  | cacodemon]
 85114 | Abyss:3  | Gained mutation: You occasionally lose the ability to read
                  | scrolls when taking damage. [a neqoxec]
 85115 | Zot:4    | Escaped the Abyss
 85954 | Arena    | Entered the Arena
 86319 | Zot:4    | Reached XP level 26. HP: 218/266 MP: 31/31
 86992 | Zot:5    | Entered Level 5 of the Realm of Zot
 87732 | Arena    | Entered the Arena
 88154 | Zot:5    | Noticed a dread lich
 88187 | Zot:5    | Killed a dread lich
 88337 | Zot:5    | Noticed an orb of fire
 88498 | Zot:5    | Gained mutation: You are clumsy. (Dex -2) [an orb of fire]
 88504 | Arena    | Entered the Arena
 88514 | Arena    | Killed an orb of fire
 88847 | Zot:5    | Lost mutation: You have supernaturally acute eyesight.
                  | (SInv) [potion of mutation]
 88847 | Zot:5    | Lost mutation: You do not regenerate when monsters are
                  | visible. [potion of mutation]
 88847 | Zot:5    | Gained mutation: You sometimes lose the ability to read
                  | scrolls when taking damage. [potion of mutation]
 88848 | Zot:5    | Lost mutation: You have hidden genetic potential. [potion
                  | of mutation]
 88848 | Zot:5    | Lost mutation: You occasionally shout uncontrollably at
                  | your foes. [potion of mutation]
 88848 | Zot:5    | Lost mutation: You sometimes lose the ability to read
                  | scrolls when taking damage. [potion of mutation]
 88848 | Zot:5    | Gained mutation: You are partially covered in large bone
                  | plates. (SH +4) [potion of mutation]
 88848 | Zot:5    | Gained mutation: You have sharp toenails. [potion of
                  | mutation]
 88849 | Zot:5    | Lost mutation: You occasionally lose the ability to read
                  | scrolls when taking damage. [potion of mutation]
 88849 | Zot:5    | Lost mutation: You have sharp toenails. [potion of
                  | mutation]
 88849 | Zot:5    | Lost mutation: You are clumsy. (Dex -2) [potion of
                  | mutation]
 88849 | Zot:5    | Gained mutation: You have hidden genetic defects. [potion
                  | of mutation]
 88850 | Zot:5    | Lost mutation: You have hidden genetic defects. [potion of
                  | mutation]
 88850 | Zot:5    | Lost mutation: You are partially covered in large bone
                  | plates. (SH +4) [potion of mutation]
 88850 | Zot:5    | Gained mutation: You are partially covered in iridescent
                  | scales. (AC +2) [potion of mutation]
 88850 | Zot:5    | Gained mutation: You have very sharp teeth. [potion of
                  | mutation]
 88850 | Zot:5    | Gained mutation: Your mind is acute. (Int +4, Str/Dex -1)
                  | [potion of mutation]
 88946 | Zot:5    | Noticed an ancient lich
 89026 | Zot:5    | Killed an ancient lich
 89166 | Zot:5    | Noticed an orb of fire
 89166 | Zot:5    | Noticed an orb of fire
 89176 | Zot:5    | Noticed a dread lich
 89424 | Zot:4    | Killed a dread lich
 89476 | Zot:5    | Gained mutation: You are frail. (-10% HP) [an orb of fire]
 89491 | Zot:5    | Gained mutation: You are weak. (Str -2) [an orb of fire]
 89513 | Zot:5    | Killed an orb of fire
 89597 | Zot:5    | Noticed an orb of fire
 89615 | Zot:5    | Gained mutation: You are very frail. (-20% HP) [an orb of
                  | fire]
 89643 | Zot:4    | Killed an orb of fire
 89795 | Zot:5    | Killed an orb of fire
 90192 | Zot:5    | Noticed a dread lich
 90308 | Zot:5    | Killed a dread lich
 91387 | Zot:5    | Got the Orb of Zot
 91625 | Depths:1 | Noticed Bumul the pandemonium lord
 91730 | D:10     | Noticed Irheggem the pandemonium lord
 91993 | D:$      | Escaped with the Orb!

Illustrated notes

Levels and vault maps discovered:
D:1:      dpeg_arrival_prison, layout_loops_ring, serial_shops, shop,
          nicolae_shop_trees, shop, nicolae_shop_bloodbath_and_beyond,
          nicolae_shop_trees, minmay_misc_feat_ornament
D:2:      layout_basic, basic_altar, minmay_circle_x
D:3:      minmay_recursive_quarters, layout_basic, led_sif_pool, serial_shops,
          shop, kennysheep_generic_room_11, uniq_robin
D:4:      layout_loops_ring, lemuel_crystal_altar, uniq_menkaure
D:5:      layout_gridville, minmay_temple_entry_crystal_x,
          gammafunk_ghost_nasty_kobolds
D:6:      layout_rooms, gammafunk_ghost_cemetery, nicolae_underground_beach,
          uniq_eustachio, uniq_blork_the_orc
D:7:      kennysheep_six_static_rooms, layout_loops_ring,
          nicolae_ru_awakened_eye, nicolae_overflow_crystal_walls
D:8:      layout_basic, grunt_lair_entry_orc_guard_hut, enter_ossuary_1,
          serial_shops, nicolae_shop_hallway_plus
D:9:      layout_roguey, uniq_maurice
D:10:     layout_layer_cave, mainiacjoe_overflow_divided_tiny
D:11:     layout_gridville, uniq_harold, uniq_fannar, uniq_erica
D:12:     layout_basic, hiddenorc1_lemuel, drop_trap, uniq_frances
D:13:     layout_gridville
D:14:     layout_small_grid, grunt_vaults_entry_fortified,
          minmay_misc_feat_square
D:15:     hangedman_depths_entry_try_elsewhere_first, layout_long_grid,
          nicolae_concentric_dashed_squares_wild, uniq_roxanne
Lair:1:   layout_regular_city, st_stairs_4
Lair:2:   layout_small_grid, minmay_swamp_entry_swarm, lemuel_fruit_tree,
          infiniplex_staircase_pool_2, grunt_megastairs_3
Lair:3:   beast_lair_carwin_large_3, layout_loops_ring,
          guppyfry_snake_entry_garden, fungi_pond_lemuel, minivault_24,
          chequers_serial_rivers_micro_e, grunt_forest_large_clearing_hut,
          uniq_sonja
Lair:4:   layout_cave_shapes, infiniplex_staircase_pool
Lair:5:   evilmike_catoblepas_cave, layout_cave_shapes,
          minmay_slime_entry_oklob_enclosed, hibernation_bobbens,
          grunt_megastairs_5
Swamp:1:  layout_basic_swamp, nicolae_swamp_tree_isthmus,
          nicolae_swamp_bean_lake, uniq_kirke
Swamp:2:  layout_falls_marsh, evilmike_swamp_ruin_house_1, swamp_pool1
Swamp:3:  layout_basic_swamp, gammafunk_ghost_wrathful_warriors,
          evilmike_swamp_ruin_wall, nicolae_swamp_bunyip_nook, uniq_mlioglotl
Swamp:4:  grunt_swamp_rune_castle, layout_basic_swamp, swamp_pool5
Snake:1:  layout_gridlike, hangedman_corner_corridor
Snake:2:  layout_chambers, nicolae_integral_box
Snake:3:  layout_grid_maze, uniq_vashnia
Snake:4:  snake_pit, layout_rooms
Orc:1:    layout_caves, bh_open_orc_temple
Orc:2:    grunt_orc_gardens, layout_diamond_mine, grunt_orc_garden,
          grunt_orc_garden, grunt_orc_garden, grunt_orc_garden,
          nicolae_orc_lava_room
Elf:1:    layout_loops_ring, minmay_elf_sorcery, minmay_shop_grove, uniq_azrael
Elf:2:    elven_hall_of_blades_hangedman_original [nicolae_blade_lattice],
          layout_geoelf_grid
Elf:3:    minmay_elf_hall_statues, layout_loops_cross, serial_shops, shop,
          nicolae_elf_free_trip_to_the_abyss
Vaults:1: vaults_mumra_chevron_long, v_misc_12, grunt_vaults_hallway_long,
          v_misc_3, v_misc_33, nicolae_vaults_stairing_the_circle,
          nicolae_vaults_rhombus_5, vaults_room_fours, layout_vaults_omnibox
Vaults:2: v_misc_16, v_misc_33, vaults_room_ringed_pool,
          nicolae_vaults_diagonal_hallway_6, v_misc_4, hangedman_vaults_impose,
          vaults_room_fours, ontoclasm_vaults_gateway, vaults_room_door_ring,
          minmay_crypt_entry_simple_box, layout_vaults_omnicross, uniq_boris
Vaults:3: grunt_vaults_bifocal, vaults_room_grunt_arrival_ludios,
          vaults_room_corners, v_pattern_2, vaults_dpeg_cross, v_misc_27,
          nicolae_vaults_little_squares_6, nicolae_vaults_border_crossing,
          v_misc_33, vaults_room_pools, st_cross, layout_vaults_chaotic_city,
          serial_shops, nicolae_shop_stone, uniq_asterion
Vaults:4: nicolae_vaults_sealed_display, nicolae_vaults_network_periphery,
          hangedman_vaults_snaps, ontoclasm_vaults_claustrophobia,
          ontoclasm_vaults_hangar, vaults_mumra_lcd, v_pattern_5,
          ontoclasm_vaults_gallery, vaults_room_door_ring, layout_vaults_ring
Vaults:5
Crypt:1:  layout_regular_city, grunt_ministairs_5, serial_sigils_hangedman_scar
Crypt:2:  layout_rooms, minmay_misc_feat_alley, lemuel_upstairs_altar
Crypt:3:  quadcrypt_mu
Depths:1: layout_cave_shapes, enter_ziggurat_e, abyss_entry_crystal,
          grunt_hell_entry_dis_old, kennysheep_another_room,
          serial_bayou_lake_a, grunt_megastairs_1
Depths:2: kennysheep_windowed_halls, layout_basic, serial_shops, shop,
          hell_entry, okawaru_gym_becter, pan_entry,
          lemuel_zombie_altar_kikubaaqudgha
Depths:3: dreamdust_isle_of_ice, layout_cave_shapes, abyss_entry, special_room
          [special_room_mythical_zoo], nrook_uturn, hellmouth_1,
          minmay_staircase_bubble, grunt_megastairs_2, uniq_grunn
Depths:4: evilmike_zot_entry_argh, layout_basic, hell_entry,
          nzn_hepliaklqana_mist_gate, serial_bayou_shore_a, uniq_margery
Zot:1:    layout_cellular_growth, st_large_dragon_hoard_3
Zot:2:    kennysheep_room_grid, layout_basic, st_stairs_2
Zot:3:    layout_misc_corridors, st_small_dragon_hoard_5, uniq_parghit
Zot:4:    lemuel_acid_trip, layout_cathedral_of_symmetry, uniq_tiamat
Zot:5:    layout_twisted_circle

Skill      XL: |  1  2  3  4  5  6  7  8  9 10 11 12 13 14 15 16 17 18 19 20 21 22 23 24 25 26 |
---------------+-------------------------------------------------------------------------------+-----
Shields        | 4 5 6 7 8 9 11 12 13 14 15 16 17 18 20 22 23 | 23.0
Axes           | 3 4 5 7 8 9 10 12 13 14 15 16 17 18 20 | 20.0
Armour         | 4 5 6 7 9 10 11 12 13 14 15 16 17 18 19 21 23 24 | 24.0
Dodging        | 1 2 3 4 5 6 9 |  9.8
Fighting       | 4 5 6 7 8 10 11 12 13 14 15 16 17 19 20 23 27 | 27.0
Invocations    | 3 5 6 8 9 10 11 12 | 12.0
Evocations     | 2 4 6 7 8 9 10 11 13 15 16 17 18 19 22 25 | 25.2

Action                   |  1- 3 |  4- 6 |  7- 9 | 10-12 | 13-15 | 16-18 | 19-21 | 22-24 | 25-27 || total
-------------------------+-------+-------+-------+-------+-------+-------+-------+-------+-------++-------
Melee: War axe           |    82 |   143 |   263 |    76 |    11 |       |       |       |       ||   575
       Headbutt          |     8 |    17 |    49 |    98 |   239 |   266 |   448 |   628 |   371 ||  2124
       Broad axe         |       |       |       |   433 |  1010 |  1160 |  1510 |  1846 |  1280 ||  7239
       Morningstar       |       |       |       |       |     6 |       |       |       |       ||     6
       Flail             |       |       |       |       |    40 |    95 |       |    12 |       ||   147
       Bite              |       |       |       |       |       |       |       |       |    39 ||    39
Invok: Heroism           |       |       |     5 |     8 |    14 |    19 |    12 |    10 |    15 ||    83
       Finesse           |       |       |       |     7 |     6 |     8 |     8 |    20 |    24 ||    73
       Duel              |       |       |       |     1 |     4 |     8 |     9 |     3 |     7 ||    32
 Abil: Evoke Blink       |       |       |       |       |       |       |       |     2 |       ||     2
Evoke: Wand              |       |       |       |    33 |    34 |    87 |    26 |    15 |    62 ||   257
       Phial of floods   |       |       |       |       |     1 |       |       |       |       ||     1
  Use: Potion            |     5 |     2 |       |     2 |     8 |    11 |     2 |     9 |    18 ||    57
       Scroll            |       |     4 |     5 |    11 |     4 |     9 |     9 |     6 |     8 ||    56
 Stab: Paralysed         |       |       |       |     4 |       |       |     3 |    10 |       ||    17
       Petrified         |       |       |       |       |     7 |       |       |       |       ||     7
       Invisible         |       |       |       |       |       |       |       |     5 |       ||     5
Armor: Scale mail        |    48 |    35 |       |       |       |       |       |       |       ||    83
       Chain mail        |       |    33 |    99 |       |       |       |       |       |       ||   132
       Plate armour      |       |       |    76 |   314 |   680 |   749 |   588 |   930 |   597 ||  3934
Dodge: Dodged            |    46 |    77 |   103 |   169 |   394 |   381 |   274 |   415 |   308 ||  2167
Block: Buckler           |    19 |    31 |    40 |   163 |   403 |   212 |       |       |       ||   868
       Kite shield       |       |       |    69 |    21 |       |   445 |   869 |  1120 |   451 ||  2975
       Tower shield      |       |       |       |       |       |       |       |       |   537 ||   537
